[Event "*** Titled Tuesday Blitz"]
[Site "Chess.com"]
[Date "2018.11.06"]
[Round "8"]
[White "Paparama_1917"]
[Black "abubakrtagelsir"]
[Result "1-0"]
[WhiteElo "2569"]
[BlackElo "2365"]
[TimeControl "180+2"]
[EndTime "14:50:39 PST"]
[Termination "Paparama_1917 won by checkmate"]

1. e4 d6 2. d4 Nf6 3. Nc3 g6 4. f4 Bg7 5. Nf3 c5 6. dxc5 Qa5 7. Qd4 O-O 8. e5 Nc6 9. Qd2 dxe5 10. fxe5 Ng4 11.
Nd5 Qxd2+ 12. Bxd2 Ngxe5 13. O-O-O Nxf3 14. gxf3 Bf5 15. Bb5 Rae8 16. Bg5 f6 17. Be3 e6 18. Nc3 e5 19. Ne4 Bxe4 20. fxe4 Rd8 21. Bc4+ Kh8 22. Rxd8 Rxd8 23. Rd1 Rxd1+ 24. Kxd1 h5 25. Bd5 Kh7 26.
c3 g5 27. b4 a6 28. a4 Kg6 29.
b5 axb5 30. axb5 Nd8 31. c6 bxc6 32. bxc6 Nxc6 33. Bxc6 f5 34. exf5+ Kxf5 35. Ke2 g4 36. Bd7+ Ke4 37. c4 Bf8 38. Be8 h4 39. Bg6# 1-0

[Event "*** Titled Tuesday Blitz"]
[Site "Chess.com"]
[Date "2018.11.06"]
[Round "8"]
[White "novocane"]
[Black "ruvat"]
[Result "1-0"]
[WhiteElo "2170"]
[BlackElo "2297"]
[TimeControl "180+2"]
[EndTime "14:50:40 PST"]
[Termination "novocane won on time"]

1. d4 d6 2. e4 Nf6 3. f3 c5 4. d5 e6 5. c4 b5 6. Nc3 b4 7. Nce2 exd5 8. cxd5 g6 9. Bg5 Bg7 10.
Ng3 O-O 11. Bc4 h6 12. Be3 Nbd7 13. N1e2 Ne5 14. b3 Nxc4 15. bxc4 a5 16. O-O a4 17.
Qd2 Kh7 18. h3 Re8 19. Nf4 Nd7 20. Nd3 Ne5 21. Nxe5 Bxe5 22. f4 Bc3 23. Qd3 Bxa1 24.
Rxa1 Qf6 25. e5 dxe5 26. Ne4 Qh4 27. Bf2 Qxf4 28. Be3 Qf5 29. Rf1 Qxf1+ 30. Qxf1 Re7 31. Qf6 1-0

[Event "*** Titled Tuesday Blitz"]
[Site "Chess.com"]
[Date "2018.11.06"]
[Round "8"]
[White "wadsy27"]
[Black "tteshan"]
[Result "1-0"]
[WhiteElo "2358"]
[BlackElo "2132"]
[TimeControl "180+2"]
[EndTime "14:50:41 PST"]
[Termination "wadsy27 won by resignation"]

1. c4 c5 2. g3 g6 3. Bg2 Bg7 4. Nc3 Nc6 5. Nf3 e6 6. d3 Nge7 7. Bg5 h6 8. Bd2 O-O 9. O-O d5 10. Qc1 Kh7 11. a3 a5 12. Rb1 b6 13. Nb5 Bb7 14.
b4 axb4 15. axb4 cxb4 16. Bxb4 Nxb4 17. Rxb4 Nc6 18. Rb1 Ra2 19. cxd5 Qxd5 20. Nc3 Bxc3 21. Qxc3 Qa5 22. Qxa5 Nxa5 23. Rxb6 Rxe2 24. Ra1 Bxf3 25. Bxf3 Re5 26. Ra3 Rd8 27. Ra6 Rb5 28. R6xa5 Rxa5 29. Rxa5 Rxd3 30. Kg2 Kg7 31. h4 Kf6 32. h5 gxh5 33.
Rxh5 Kg7 34. Ra5 Rd7 35. Rb5 f6 36. Rb7 Rxb7 37. Bxb7 Kg6 38. Kh3 Kh5 39. f4 Kg6 40. Kh4 Kg7 41. Kh5 Kh7 42. Be4+ Kg7 43. Bb1 f5 44.
Ba2 Kf6 45. Bxe6 Kxe6 46. Kxh6 Kd5 47. Kg6 Ke4 48. Kg5 Kf3 49. Kxf5 Kxg3 50. Kg5 Kf3 51. f5 Ke4 52. f6 Ke5 53. f7 1-0

[Event "*** Titled Tuesday Blitz"]
[Site "Chess.com"]
[Date "2018.11.06"]
[Round "8"]
[White "vovachesss"]
[Black "mikhaillushenkov"]
[Result "1-0"]
[WhiteElo "2465"]
[BlackElo "2641"]
[TimeControl "180+2"]
[EndTime "14:50:46 PST"]
[Termination "vovachesss won by resignation"]

1. e4 e6 2. d4 d5 3. Nc3 Bb4 4.
exd5 exd5 5. Bd3 Nc6 6. Ne2 Bg4 7. f3 Bh5 8. a3 Bxc3+ 9. bxc3 Bg6 10. Bf4 Nge7 11. O-O O-O 12. Re1 Na5 13. Qd2 Nc4 14.
Bxc4 dxc4 15. Bg3 Nd5 16. Nf4 c6 17. Nxd5 Qxd5 18. Re5 Qd7 19. Rae1 Rae8 20. h4 h5 21. a4 Rxe5 22. Rxe5 Re8 23. Qe3 Rxe5 24. Qxe5 b5 25.
a5 Bxc2 26. a6 Bg6 27. Qb8+ Kh7 28. Qb7 Bf5 29. Bb8 Qe6 30. Kh2 Qf6 31. Bg3 g5 32. hxg5 Qg6 33. Qxa7 Be6 34. Qb8 Qxg5 35. a7 h4 36. Bf4 1-0

[Event "*** Titled Tuesday Blitz"]
[Site "Chess.com"]
[Date "2018.11.06"]
[Round "8"]
[White "OK97"]
[Black "NateSolon"]
[Result "1-0"]
[WhiteElo "2728"]
[BlackElo "2515"]
[TimeControl "180+2"]
[EndTime "14:50:48 PST"]
[Termination "OK97 won by resignation"]

1. Nf3 d5 2. g3 c6 3. Bg2 Bg4 4. c4 e6 5. O-O Nd7 6. cxd5 cxd5 7. Nc3 Ngf6 8. Qb3 Bxf3 9. Bxf3 Qb6 10. Qxb6 Nxb6 11.
d3 Be7 12. Bf4 O-O 13. Rfc1 Rac8 14. e4 Rfd8 15. Nb5 Rxc1+ 16. Rxc1 a6 17. Bc7 axb5 18.
Bxb6 Ra8 19. Rc7 Bd6 20. Rxb7 dxe4 21. dxe4 Rxa2 22. Bd4 e5 23. Bc3 b4 24. Rb6 bxc3 25.
Rxd6 Kf8 26. bxc3 Rc2 27. Rc6 Ke7 28. Rc7+ Ke6 29. Kg2 h5 30. h3 g6 31. Bd1 Rd2 32. Bb3+ Kd6 33. Rxf7 Nxe4 34. Ba4 Kc5 35. Rc7+ Kd6 36.
Rd7+ 1-0

[Event "*** Titled Tuesday Blitz"]
[Site "Chess.com"]
[Date "2018.11.06"]
[Round "8"]
[White "twitchTriniCupid"]
[Black "JeremDev"]
[Result "1-0"]
[WhiteElo "2259"]
[BlackElo "2233"]
[TimeControl "180+2"]
[EndTime "14:50:52 PST"]
[Termination "twitchTriniCupid won by resignation"]

1. d4 Nf6 2. c4 c5 3. e3 cxd4 4.
exd4 d5 5. Nf3 Nc6 6. Nc3 g6 7.
h3 Bg7 8. Bd3 dxc4 9. Bxc4 O-O 10. O-O b6 11. Bg5 Bb7 12. Re1 Rc8 13. Bb5 Nb4 14.
a3 Nbd5 15. Ne2 Ne4 16. Bh4 Nd6 17. Bd3 Re8 18. Qb3 Qd7 19. Rad1 e6 20. Bg3 Nf5 21.
Ne5 Qe7 22. Bh2 Red8 23. Rc1 Qh4 24. Nf3 Qh6 25. Qa4 a6 26. Rxc8 Rxc8 27. Qd7 Nh4 28.
Nxh4 Qd2 29. Nf3 Qxd3 30. Qxb7 Rd8 31. Be5 Bf8 32. Bf6 Re8 33. Ne5 Be7 34. Nxd3 1-0

[Event "*** Titled Tuesday Blitz"]
[Site "Chess.com"]
[Date "2018.11.06"]
[Round "8"]
[White "mouseWLZ"]
[Black "Firouzja2003"]
[Result "0-1"]
[WhiteElo "2280"]
[BlackElo "2928"]
[TimeControl "180+2"]
[EndTime "14:51:05 PST"]
[Termination "Firouzja2003 won by resignation"]

1. e4 c6 2. d4 d5 3. e5 c5 4.
dxc5 e6 5. a3 Bxc5 6. b4 Bb6 7.
Qg4 Kf8 8. Nf3 Ne7 9. Bd3 h6 10.
O-O Nbc6 11. Bb2 Bd7 12. Nbd2 Nf5 13. c4 Nce7 14. Rad1 Ba4 15. Rc1 dxc4 16. Bxc4 Bc6 17. Rfd1 h5 18. Qg5 Ng6 19. Ne4 Qxg5 20. Nfxg5 Nf4 21.
g3 Nh3+ 22. Nxh3 Bxe4 23. Ng5 Bc6 24. b5 Be8 25. a4 Ne3 26. Ba3+ Kg8 27. Rd6 Nxc4 28.
Rxc4 h4 29. Kg2 hxg3 30. hxg3 Rh5 31. f4 Bd8 32. Bc1 Be7 33. Rd3 a6 34. Rc7 Bxg5 35.
fxg5 axb5 36. axb5 Bxb5 37. Ra3 Rxa3 38. Bxa3 Bc6+ 39. Kf2 Rxg5 40. Bd6 Rf5+ 41. Kg1 Rf3 42. Kh2 Kh7 43. Kh3 Kg6 44. Kg4 f5+ 45. exf6 gxf6 46.
Bf8 f5+ 47. Kh4 f4 48. gxf4 Rxf4+ 0-1

[Event "*** Titled Tuesday Blitz"]
[Site "Chess.com"]
[Date "2018.11.06"]
[Round "8"]
[White "woodhy"]
[Black "TheBigBadChessDad"]
[Result "1-0"]
[WhiteElo "2435"]
[BlackElo "2287"]
[TimeControl "180+2"]
[EndTime "14:51:05 PST"]
[Termination "woodhy won by resignation"]

1. e4 e5 2. Nf3 Nc6 3. Bb5 a6 4. Bxc6 dxc6 5. O-O Bg4 6. h3 Bh5 7. g4 Bg6 8. Nxe5 Qh4 9. Qf3 f6 10. Nxg6 hxg6 11. Kg2 g5 12. Qg3 Qh7 13. d3 Bd6 14. Qf3 Ne7 15. Rh1 Ng6 16. Kf1 Bf4 17. Bxf4 Nxf4 18.
Nc3 O-O-O 19. Ne2 Ng6 20. Qf5+ Kb8 21. Ng3 Rhe8 22. Qf3 Nh4 23. Qe3 g6 24. Re1 Qf7 25. b3 Qe7 26. a4 c5 27. Ne2 f5 28. gxf5 gxf5 29. Ng1 fxe4 30. dxe4 Rf8 31. Rh2 Qe5 32. Rg2 Nxg2 33. Kxg2 Qf4 34. Qxf4 Rxf4 35. Nf3 g4 36.
hxg4 Rxg4+ 37. Kf1 Rf8 38. Re3 c4 39. bxc4 Rf6 40.
Ke2 Rgf4 41. e5 Rf8 42. e6 Rxc4 43. Ne5 Rcf4 44. Nd7+ Kc8 45. Nxf8 Rxf8 46. f4 Rh8 47. f5 Kd8 48. f6 Rh6 49. e7+ Ke8 50. f7+ 1-0

[Event "*** Titled Tuesday Blitz"]
[Site "Chess.com"]
[Date "2018.11.06"]
[Round "8"]
[White "Boorchess"]
[Black "evgenysharapov"]
[Result "1-0"]
[WhiteElo "2449"]
[BlackElo "2400"]
[TimeControl "180+2"]
[EndTime "14:51:07 PST"]
[Termination "Boorchess won by checkmate"]

1. e4 d5 2. exd5 Qxd5 3. d4 Nf6 4. Nf3 Bg4 5. Be2 c6 6. O-O e6 7. c4 Qd8 8. Nc3 Be7 9. Bf4 O-O 10. h3 Bh5 11. Qd2 Nbd7 12. Qe3 Re8 13. g4 Bg6 14. Rfd1 Qc8 15. a3 c5 16. Nb5 cxd4 17. Nbxd4 e5 18. Nxe5 Nxe5 19. Bxe5 Bd6 20. f4 Nd7 21. Nf3 Bc5 22.
Nd4 Nxe5 23. fxe5 Qc7 24. b4 Bxd4 25. Rxd4 Rxe5 26. Qf2 Rae8 27. Bf3 b6 28. Rad1 h6 29. Rd7 Qxc4 30. Bd5 Rxd5 31. R7xd5 Qb3 32. Rd8 Rxd8 33. Rxd8+ Kh7 34. h4 h5 35. gxh5 Bxh5 36. Kh2 Qxa3 37. Rd6 Qxb4 38. Rd5 Bg6 39. h5 Be4 40. Rd4 Qe7 41. Qf4 f5 42. Rd6 b5 43. Rg6 b4 44.
Rg3 a5 45. h6 gxh6 46. Rh3 Qg7 47. Rg3 Qf7 48. Rh3 Qg7 49. Rg3 Qb2+ 50. Kh3 Qf6 51.
Qc7+ Kh8 52. Qc8+ Kh7 53. Qg8# 1-0

[Event "*** Titled Tuesday Blitz"]
[Site "Chess.com"]
[Date "2018.11.06"]
[Round "8"]
[White "Fins0905"]
[Black "Muisback26"]
[Result "0-1"]
[WhiteElo "2605"]
[BlackElo "2808"]
[TimeControl "180+2"]
[EndTime "14:51:10 PST"]
[Termination "Muisback26 won by resignation"]

1. e4 c5 2. Nf3 d6 3. d4 Nf6 4.
Nc3 cxd4 5. Nxd4 g6 6. Be3 Bg7 7. f3 Nc6 8. Qd2 O-O 9. Bc4 Bd7 10. O-O-O Rc8 11. Bb3 Nxd4 12. Bxd4 b5 13. a3 a5 14. Nd5 Nxd5 15. exd5 Bxd4 16. Qxd4 b4 17. axb4 axb4 18. Rhe1 Re8 19. Re3 Qa5 20. Kd2 Rc5 21. Rde1 Qb6 22.
Kd1 Ra8 23. Qh4 Bf5 24. Rxe7 Bxc2+ 25. Bxc2 Ra1+ 26. Kd2 Rxd5+ 27. Bd3 Ra2 28. Qc4 Rxb2+ 29. Kc1 Rc5 30. Kxb2 Rxc4 31. Bxc4 Qd4+ 32. Kb3 Qc3+ 33. Ka4 Qxc4 34. R1e4 Qc2+ 35. Kxb4 Qxg2 36. f4 Qxh2 37. Rc7 d5 38. Rd4 Qb2+ 0-1

[Event "*** Titled Tuesday Blitz"]
[Site "Chess.com"]
[Date "2018.11.06"]
[Round "8"]
[White "Alexander_Moskalenko"]
[Black "eljanov"]
[Result "1/2-1/2"]
[WhiteElo "2875"]
[BlackElo "2835"]
[TimeControl "180+2"]
[EndTime "14:51:11 PST"]
[Termination "Game drawn by repetition"]

1. e4 e5 2. Nf3 Nc6 3. Nc3 Nf6 4. d4 exd4 5. Nxd4 Bb4 6. Nxc6 bxc6 7. Bd3 d5 8. exd5 cxd5 9. O-O O-O 10. h3 Be6 11. Qf3 h6 12. Bf4 Bd6 13. Rad1 Rb8 14. b3 c5 15. Bc4 d4 16. Bxe6 fxe6 17. Bxd6 Qxd6 18. Ne4 Qd5 19. Rfe1 Nh5 20. Qg4 Nf4 21. c3 Rf7 22. cxd4 cxd4 23. g3 h5 24. Qh4 Rbf8 25.
Rd2 d3 26. gxf4 Rxf4 27. Qg3 Rxe4 28. Rxe4 Qxe4 29. Qxd3 Qf4 30. Re2 Rf5 31. Qd8+ Kh7 32. Qd3 g6 33. Qe3 Rg5+ 34. Kf1 Qf5 35. Qxe6 Qb1+ 36.
Re1 Qd3+ 37. Re2 Qd1+ 38. Re1 Qd3+ 39. Re2 Qd1+ 40. Re1 Qd3+ 41. Re2 1/2-1/2

[Event "*** Titled Tuesday Blitz"]
[Site "Chess.com"]
[Date "2018.11.06"]
[Round "8"]
[White "Bykov_Egor"]
[Black "EphiphanyLord"]
[Result "0-1"]
[WhiteElo "2534"]
[BlackElo "2585"]
[TimeControl "180+2"]
[EndTime "14:51:13 PST"]
[Termination "EphiphanyLord won by checkmate"]

1. d4 Nf6 2. c4 g6 3. Nc3 Bg7 4. e4 O-O 5. Nf3 d6 6. Be2 e5 7. O-O exd4 8. Nxd4 Re8 9. f3 c6 10. Be3 Nh5 11. Qd2 Nd7 12. g4 Nhf6 13. Rad1 h5 14. h3 Nh7 15. Nc2 Qh4 16. Kg2 Ne5 17. Bf2 Qf6 18. f4 hxg4 19. fxe5 gxh3+ 20. Kh2 dxe5 21. Bg3 Qe7 22. Qd6 Qxd6 23. Rxd6 Be6 24. Ne3 f6 25. c5 Bf8 26. Rxe6 Rxe6 27. Bc4 Re8 28. b4 Kg7 29.
Bxe6 Rxe6 30. Kxh3 Kf7 31. Nc4 Ke8 32. Kg2 Be7 33. Rd1 Ng5 34. Bf2 Nf7 35. Na5 Nd8 36. Nc4 Nf7 37. a3 f5 38. Bg3 f4 39. Bf2 g5 40. Kf3 Rh6 41. Kg4 Rh2 42. Bg1 Nh6+ 43. Kf3 g4# 0-1

[Event "*** Titled Tuesday Blitz"]
[Site "Chess.com"]
[Date "2018.11.06"]
[Round "8"]
[White "RaphaeI"]
[Black "vugarrasulov"]
[Result "0-1"]
[WhiteElo "2581"]
[BlackElo "2784"]
[TimeControl "180+2"]
[EndTime "14:51:14 PST"]
[Termination "vugarrasulov won by checkmate"]

1. d4 Nf6 2. c4 e6 3. Nf3 b6 4. g3 Ba6 5. Qc2 c5 6. d5 exd5 7. cxd5 d6 8. Bg2 g6 9. O-O Bg7 10. Nc3 O-O 11. a4 Re8 12. Re1 Ng4 13. Nb5 Ne5 14. Nd2 Bxb5 15. axb5 a6 16. Ne4 h6 17.
Bf4 f5 18. Bxe5 Bxe5 19. Nd2 Qd7 20. Nc4 axb5 21. Rxa8 bxc4 22. Qxc4 b5 23. Qc2 c4 24. Rea1 Qc7 25. e3 Rf8 26. g4 Qg7 27. R1a7 Qf6 28. Rb7 Nd7 29. Rxf8+ Nxf8 30. gxf5 gxf5 31. Rxb5 f4 32.
Qxc4 fxe3 33. fxe3 Qg5 34. Qe4 Nd7 35. Qf3 Nf6 36. Rb8+ Kg7 37. Rb7+ Kf8 38. b4 Qg6 39. e4 Qg5 40. b5 Qc1+ 41. Qf1 Qe3+ 42. Kh1 Ke8 43.
b6 Qc5 44. Qf5 Kf8 45. Rb8+ Kg7 46. b7 Qc1+ 47. Bf1 Qb2 48. Qf3 Qxh2# 0-1

[Event "*** Titled Tuesday Blitz"]
[Site "Chess.com"]
[Date "2018.11.06"]
[Round "8"]
[White "JSMastropiero"]
[Black "volcanoexplorer"]
[Result "1-0"]
[WhiteElo "2335"]
[BlackElo "2454"]
[TimeControl "180+2"]
[EndTime "14:51:20 PST"]
[Termination "JSMastropiero won on time"]

1. c4 e5 2. g3 c6 3. d4 e4 4. Nc3 d5 5. cxd5 cxd5 6. Nh3 Bb4 7. Qb3 Nc6 8. e3 a5 9. Bd2 Nge7 10.
Nf4 g5 11. Nfxd5 a4 12. Nf6+ Kf8 13. Qc2 Bxc3 14. Bxc3 Bf5 15. Bg2 Nd5 16. Nxd5 Qxd5 17. O-O Kg7 18. f3 exf3 19. Bxf3 Qxf3 20. Qxf5 Qxf5 21. Rxf5 Ne7 22. d5+ Kf8 23. Rxg5 Rg8 24.
Rxg8+ Kxg8 25. e4 b5 26. Rd1 Rd8 27. Bf6 Rd7 28. Bxe7 Rxe7 29. d6 Rd7 30. Kf2 f6 31. Ke3 Kf7 32. Rd5 b4 33. Kd4 Ke6 34. Kc5 b3 35.
axb3 axb3 36. Kc6 Rd8 37. d7 Ke7 38. Kc7 h6 39. g4 h5 40. gxh5 f5 41. exf5 1-0

[Event "*** Titled Tuesday Blitz"]
[Site "Chess.com"]
[Date "2018.11.06"]
[Round "8"]
[White "Korchmar_Vasiliy"]
[Black "SergeiAza"]
[Result "0-1"]
[WhiteElo "2703"]
[BlackElo "2808"]
[TimeControl "180+2"]
[EndTime "14:51:22 PST"]
[Termination "SergeiAza won on time"]

1. d4 d5 2. Nf3 Nf6 3. Bf4 e6 4. e3 c5 5. Nbd2 Nc6 6. c3 Be7 7.
Bd3 O-O 8. Qe2 Nh5 9. Bg3 a5 10. O-O Nxg3 11. hxg3 f5 12. Rfd1 c4 13. Bc2 b5 14. Ne5 Qc7 15. f4 Bd7 16. g4 Nxe5 17. fxe5 f4 18. e4 Bh4 19. Qf3 Bc6 20. Qh3 g5 21.
exd5 Bxd5 22. Be4 Qe7 23. Bxd5 exd5 24. Nf3 Ra6 25. Nxh4 gxh4 26. Rf1 Rg6 27. Rf3 Qg5 28. Re1 Qxg4 29. Qxg4 Rxg4 30. e6 h6 31. Kf2 Kg7 32. e7 Re8 33. Re5 Rg5 34. Re6 Rg6 35. Re5 Rg5 36.
Re6 Kf7 37. Rxh6 Kxe7 38. Rxf4 Reg8 39. Rh7+ Ke6 40. Rh6+ Ke7 41. Rh7+ Ke8 42. Rff7 Rxg2+ 43. Kf3 R8g3+ 44. Kf4 Rf2+ 0-1

[Event "*** Titled Tuesday Blitz"]
[Site "Chess.com"]
[Date "2018.11.06"]
[Round "8"]
[White "Lovkov_Roman"]
[Black "Rakhmanov_Aleksandr"]
[Result "1-0"]
[WhiteElo "2634"]
[BlackElo "2853"]
[TimeControl "180+2"]
[EndTime "14:51:33 PST"]
[Termination "Lovkov_Roman won on time"]

1. e4 c5 2. Nf3 Nf6 3. Nc3 d5 4. Bb5+ Bd7 5. Bxd7+ Qxd7 6. exd5 Nxd5 7. Ne4 e6 8. O-O Nc6 9. d4 cxd4 10. Nxd4 Be7 11.
Nf3 Rd8 12. Qe2 O-O 13. Rd1 f5 14. Ned2 Bf6 15. Re1 e5 16. Nb3 e4 17. Nfd2 Rfe8 18.
Nf1 Ne5 19. Ng3 g6 20. Bd2 h5 21. h3 h4 22. Nf1 g5 23. Rad1 Qg7 24. Nd4 Qg6 25.
Bc3 g4 26. hxg4 Nxg4 27. Qb5 Ne5 28. Kh1 Nf4 29. Ne3 a6 30. Qxb7 h3 31. g3 Nh5 32.
Ndxf5 Ng4 33. Nxg4 Bxc3 34. Ngh6+ Kh8 35. bxc3 e3 36.
Nf7+ Kg8 37. Rxd8 Rxd8 38. Nxd8 exf2 39. Rf1 Nxg3+ 40. Nxg3 Qxg3 41. Qf7+ Kh8 42. Qf8+ Kh7 43. Qxf2 1-0

[Event "*** Titled Tuesday Blitz"]
[Site "Chess.com"]
[Date "2018.11.06"]
[Round "8"]
[White "Pilopa"]
[Black "ddtru"]
[Result "0-1"]
[WhiteElo "2380"]
[BlackElo "2322"]
[TimeControl "180+2"]
[EndTime "14:51:34 PST"]
[Termination "ddtru won by checkmate"]

1. d4 Nf6 2. c4 c6 3. Bf4 d5 4. e3 g6 5. Nc3 Bg7 6. cxd5 Nxd5 7.
Nxd5 cxd5 8. Nf3 Nc6 9. Bd3 O-O 10. O-O Bg4 11. h3 Bxf3 12. Qxf3 e5 13. dxe5 Nxe5 14. Bxe5 Bxe5 15. b3 Bxa1 16. Rxa1 Rc8 17. Rd1 Qg5 18. g3 Rfd8 19. h4 Qe5 20. Kg2 h5 21. Qe2 Kg7 22. Qf3 a6 23. Qe2 Rd6 24. Qf3 Rc7 25. Qe2 Rdc6 26.
Qd2 Qc3 27. Qe2 Qe5 28. Qd2 d4 29. e4 Rc3 30. f4 Qd6 31. Qe2 Rc1 32. Rd2 Ra1 33.
e5 Qd5+ 34. Be4 Qe6 35. Rxd4 Rcc1 36. Kh2 Qb6 37. Rd7 Rh1+ 38. Bxh1 Qg1+ 39. Kh3 Qxh1+ 40. Qh2 Qf3 41. e6 Qg4+ 42. Kg2 Rxa2+ 43. Kh1 Qf3+ 44. Kg1 Ra1+ 45. Rd1 Rxd1# 0-1

[Event "*** Titled Tuesday Blitz"]
[Site "Chess.com"]
[Date "2018.11.06"]
[Round "8"]
[White "Zq1"]
[Black "MikaelyanArman"]
[Result "0-1"]
[WhiteElo "2501"]
[BlackElo "2724"]
[TimeControl "180+2"]
[EndTime "14:51:35 PST"]
[Termination "MikaelyanArman won by resignation"]

1. Nf3 d5 2. c4 dxc4 3. Na3 e5 4. Qc2 Bxa3 5. bxa3 Nc6 6. Bb2 Qd6 7. Qxc4 Nge7 8. g3 O-O 9. Bg2 Be6 10. Qc2 Bd5 11. O-O e4 12. Ng5 f5 13. d3 exd3 14.
Qxd3 h6 15. e4 fxe4 16. Nxe4 Qg6 17. Rad1 Kh8 18. Nc5 Qxd3 19. Rxd3 Bc4 20. Rd7 Bxf1 21. Kxf1 Rad8 22. Rxc7 Rd2 23. Bxg7+ Kxg7 24. Ne6+ Kf7 25. Nxf8 Kxf8 26. Rxb7 Rxa2 27. Rc7 Nd4 28. Be4 Rxa3 29.
f4 Nef5 30. Rd7 Ne3+ 31. Kf2 Ng4+ 32. Kg2 Ne6 33. f5 Ra2+ 34. Kg1 Ng5 35. Bd5 Nh3+ 36.
Kf1 Ne3+ 37. Ke1 Nxd5 38. Rxd5 Ke7 39. Re5+ Kf6 40. Re6+ Kxf5 41. Rxh6 Ng5 42. h4 Nf3+ 43. Kd1 Ke4 44. h5 Kd3 45. Rd6+ Nd4 46. Ke1 Ke3 47. Kf1 Rh2 48. h6 a5 49. g4 Nf3 50. Re6+ Kf4 51.
g5 Kg3 0-1

[Event "*** Titled Tuesday Blitz"]
[Site "Chess.com"]
[Date "2018.11.06"]
[Round "8"]
[White "TomsKantans"]
[Black "ZuchBolt"]
[Result "1-0"]
[WhiteElo "2494"]
[BlackElo "2270"]
[TimeControl "180+2"]
[EndTime "14:51:35 PST"]
[Termination "TomsKantans won on time"]

1. e4 e5 2. Nf3 Nc6 3. d4 exd4 4. Nxd4 Nf6 5. Nc3 Bb4 6. Nxc6 bxc6 7. Qd4 Qe7 8. f3 O-O 9. Bg5 Bxc3+ 10. Qxc3 d5 11. O-O-O dxe4 12. fxe4 Bg4 13. Re1 h6 14. Bxf6 Qxf6 15.
Qxf6 gxf6 16. Bd3 Rfe8 17. Kd2 Rad8 18. Kc3 Re5 19. Rhf1 Kg7 20. Re3 Rd6 21. Rg3 Rg5 22. h4 Rg6 23. e5 Rxd3+ 24. cxd3 fxe5 25. Re3 f6 26. d4 exd4+ 27. Kxd4 Kf7 28. g3 Be6 29. b3 Rg4+ 30. Rf4 Rg8 31. Kc5 Bd5 32. Ra4 Ra8 33. b4 h5 34. b5 cxb5 35. Kxb5 c6+ 36.
Kc5 a5 37. Kb6 Rb8+ 38. Kxa5 Ra8+ 39. Kb4 Rxa4+ 40. Kxa4 Bxa2 41. Kb4 Bd5 42. Kc5 Kg6 43. Rd3 Kf5 44. Rd4 Ke5 45. g4 hxg4 46. Rxg4 f5 47.
Rg1 Bf3 48. Rg3 Bg4 49. Kxc6 Kf4 50. Rg1 Bh5 51. Kd6 Ke3 52. Rg5 Bg4 53. Ke5 Bh3 54. h5 f4 55. h6 f3 56. Rg3 1-0

[Event "*** Titled Tuesday Blitz"]
[Site "Chess.com"]
[Date "2018.11.06"]
[Round "8"]
[White "GCamachoMartinez"]
[Black "pastouche06"]
[Result "1/2-1/2"]
[WhiteElo "2323"]
[BlackElo "2442"]
[TimeControl "180+2"]
[EndTime "14:51:35 PST"]
[Termination "Game drawn by repetition"]

1. d4 Nf6 2. c4 e6 3. g3 d5 4. Nf3 dxc4 5. Qa4+ Nbd7 6. Qxc4 a6 7.
Bg2 b5 8. Qc2 Bb7 9. O-O c5 10.
dxc5 Bxc5 11. Nc3 O-O 12. a3 Rc8 13. b4 Bb6 14. Qb3 Ne4 15. Bb2 Qe7 16. Rad1 Ndf6 17. Nd4 Nxc3 18. Bxc3 Bxg2 19. Kxg2 Rc4 20. Bb2 Rfc8 21.
Rd3 g6 22. Rfd1 e5 23. Nf3 e4 24. Bxf6 Qxf6 25. Rd6 exf3+ 26. exf3 Qf5 27. Rxb6 h5 28. Qd3 Qg5 29. Rd6 h4 30. Rd8+ Kh7 31. Rxc8 Rxc8 32. f4 Qg4 33. Qd7 h3+ 34. Kf1 Qf3 35. Qxh3+ Kg7 36.
Qxc8 Qxd1+ 37. Kg2 Qd5+ 38. Kg1 Qd1+ 39. Kg2 Qd5+ 40.
Kh3 Qh5+ 41. Kg2 Qd5+ 42. f3 Qa2+ 43. Kh3 Qxa3 44. Qc5 Qxf3 45. Qe5+ Kh7 46. Qf6 Qh5+ 47. Kg2 Qd5+ 48. Kh3 Qh5+ 49. Kg2 Qe2+ 50. Kh3 Qh5+ 51. Kg2 Qe2+ 52. Kg1 Qe1+ 53. Kg2 Qe2+ 54. Kg1 Qe1+ 55. Kg2 Qe2+ 56. Kg1 Qe1+ 57. Kg2 Qe2+ 1/2-1/2

[Event "*** Titled Tuesday Blitz"]
[Site "Chess.com"]
[Date "2018.11.06"]
[Round "8"]
[White "jcibarra"]
[Black "VerdeNotte"]
[Result "0-1"]
[WhiteElo "2648"]
[BlackElo "2822"]
[TimeControl "180+2"]
[EndTime "14:51:36 PST"]
[Termination "VerdeNotte won by resignation"]

1. Nf3 g6 2. e4 c5 3. d4 cxd4 4. Nxd4 Nf6 5. Nc3 d6 6. Be3 Nc6 7. f3 Bg7 8. Qd2 O-O 9. O-O-O d5 10. Kb1 Nxd4 11. e5 Nf5 12. exf6 Bxf6 13. Nxd5 Qxd5 14.
Qxd5 Nxe3 15. Qd2 Nxd1 16. Qxd1 Be6 17. Bb5 Rfd8 18. Qe2 Rd4 19. Rd1 Rb4 20. b3 a5 21.
a3 Rh4 22. g3 Rh5 23. f4 a4 24. b4 Rc8 25. Bd7 Bxd7 26. Rxd7 b5 27. h4 Rf5 28. Qe4 h5 29. Rd5 Rc4 30. Qf3 Rc3 31. Rd3 Rc4 32.
Qa8+ Kh7 33. Qf8 Bd4 34. Qxe7 Kg7 35. Qd7 Bf6 36. Rd5 Rxd5 37. Qxd5 Rc3 38. Qxb5 Rxa3 39.
c4 Ra1+ 40. Kc2 Ra2+ 41. Kb1 Rb2+ 42. Kc1 a3 43. Qa6 Rb3 44. Kc2 Rxg3 45. b5 a2 46.
Qxa2 Rg2+ 47. Kb3 Rxa2 48. Kxa2 Bxh4 49. c5 Bf2 50. c6 Bb6 51. Kb3 h4 52. Kc4 h3 53.
Kd5 h2 54. Kd6 h1=Q 0-1

[Event "*** Titled Tuesday Blitz"]
[Site "Chess.com"]
[Date "2018.11.06"]
[Round "8"]
[White "hypert"]
[Black "1random"]
[Result "0-1"]
[WhiteElo "2376"]
[BlackElo "2501"]
[TimeControl "180+2"]
[EndTime "14:51:48 PST"]
[Termination "1random won by resignation"]

1. Nf3 Nf6 2. g3 d5 3. Bg2 e6 4. O-O Be7 5. c4 O-O 6. b3 b6 7. Bb2 Bb7 8. e3 c5 9. Nc3 Qc8 10. Qe2 Rd8 11. Rad1 Nc6 12. d3 d4 13. exd4 cxd4 14. Ne4 Nxe4 15. dxe4 e5 16. Ne1 Qc7 17. Nd3 Nb4 18. a3 Nxd3 19. Qxd3 a5 20. f4 Bc5 21. f5 Be7 22. h4 Ba6 23. Bf3 a4 24. Be2 Rdc8 25. Rc1 axb3 26. Qxb3 Bb7 27. Bd3 Bc6 28. Qd1 Bxa3 29. Bxa3 Rxa3 30. f6 g6 31. Rb1 Qd8 32.
Qd2 Bb7 33. h5 Rc6 34. hxg6 hxg6 35. c5 Rxf6 36. Rxf6 Qxf6 37. Rxb6 Qf3 38. Bf1 Bxe4 39. Rb8+ Kg7 40. Qh2 Qxg3+ 41. Qxg3 Rxg3+ 42. Kf2 Rc3 43. Rc8 f5 44. Bb5 Kf6 45. Be8 Kg5 46. c6 Rc2+ 47.
Ke1 Kf4 48. Ra8 Bxc6 49. Rc8 Be4 50. Rxc2 Bxc2 51. Bxg6 Ke3 52. Bxf5 Bxf5 0-1

[Event "*** Titled Tuesday Blitz"]
[Site "Chess.com"]
[Date "2018.11.06"]
[Round "8"]
[White "TST2014"]
[Black "KenanGarayev"]
[Result "1-0"]
[WhiteElo "2520"]
[BlackElo "2720"]
[TimeControl "180+2"]
[EndTime "14:51:50 PST"]
[Termination "TST2014 won by resignation"]

1. d4 g6 2. e4 Bg7 3. c4 d6 4. Nc3 Nc6 5. Be3 e5 6. d5 Nce7 7. g4 f5 8. gxf5 gxf5 9. f3 Nf6 10. Qd2 f4 11. Bf2 O-O 12. O-O-O a6 13. c5 Bd7 14.
Kb1 b5 15. Rc1 b4 16. Nd1 a5 17. Bh3 Rb8 18. b3 a4 19. Nb2 axb3 20. axb3 Bxh3 21. Nxh3 h6 22. Nc4 Qd7 23. Ng1 Rfd8 24. Ne2 Qb5 25. Kc2 dxc5 26. Ra1 c6 27. d6 Ned5 28. Ra5 Qb7 29.
Bxc5 Ra8 30. Rha1 Rxa5 31. Rxa5 Ra8 32. exd5 cxd5 33. Qxb4 Qc8 34. Rxa8 Qxa8 35. Qa5 Qc8 36.
Nxe5 Qf5+ 37. Nd3 Nd7 38. Qd8+ Kh7 39. Nd4 Qh3 40. Qe7 Qg2+ 41. Qe2 Qg1 42. Qf2 Qa1 43.
Ne6 Qc3+ 44. Kb1 Qa1+ 45. Kc2 Qc3+ 46. Kb1 Qxd3+ 47. Qc2 Qxc2+ 48. Kxc2 Be5 49. b4 Kg6 50. Kd3 Kf5 51. Nd4+ Bxd4 52. Kxd4 Ke6 53. b5 Nb8 54. b6 Nc6+ 55. Kd3 Kd7 56. b7 Ke6 57. Ba7 Ne5+ 58. Ke2 1-0

[Event "*** Titled Tuesday Blitz"]
[Site "Chess.com"]
[Date "2018.11.06"]
[Round "8"]
[White "731291"]
[Black "AlexTriapishko"]
[Result "1/2-1/2"]
[WhiteElo "2586"]
[BlackElo "2757"]
[TimeControl "180+2"]
[EndTime "14:51:52 PST"]
[Termination "Game drawn by agreement"]

1. Nf3 d5 2. g3 Bg4 3. Bg2 Nd7 4. O-O c6 5. d3 e6 6. b3 Ngf6 7. Bb2 Be7 8. Nbd2 O-O 9. e4 a5 10. a3 Qb6 11. h3 Bxf3 12. Qxf3 a4 13. b4 c5 14. c3 Rfc8 15. Rac1 Qa6 16. Qe2 d4 17.
cxd4 cxb4 18. axb4 Bxb4 19. Nc4 b5 20. Ne5 a3 21.
Ba1 Rxc1 22. Rxc1 Rc8 23. Qd1 Nxe5 24. dxe5 Nd7 25. d4 Nb6 26. d5 Rxc1 27. Qxc1 Qc8 28. Qxc8+ Nxc8 29. Bf1 Nb6 30. Bxb5 exd5 31. exd5 Nxd5 32.
Bc4 Bc3 33. Bxd5 Bxa1 34. f4 Kf8 35. Kf2 Ke7 36. Ke3 Bc3 37. Ke4 g6 38. g4 f6 39.
exf6+ Kxf6 40. Ba2 Bd2 41. Bb3 h6 42. h4 h5 43.
gxh5 gxh5 44. Kf3 Be1 45. Kg2 Bxh4 46. Kh1 Be1 47. Ba2 Kf5 48. Bb3 Kxf4 49. Ba2 Kg3 50.
Bb3 Bc3 51. Ba2 Be5 52. Bb3 1/2-1/2